 Dungeon Crawl Stone Soup version 0.26.1-10-gdfb7c7de75 (webtiles) character file.

Game seed: 16214773111793321200

369 H0rd4k the Charlatan (level 7, 0/50 HPs)
             Began as a Human Artificer on Apr 7, 2021.
             Slain by a sky beast (6 damage)
             ... on level 7 of the Dungeon.
             The game lasted 00:05:49 (4988 turns).

H0rd4k the Charlatan (Human Artificer)              Turns: 4988, Time: 00:05:49

Health: 0/50       AC:  3    Str: 14    XL:     7   Next: 1%
Magic:  7/7        EV: 13    Int: 15    God:
Gold:   115        SH:  0    Dex: 14    Spells: 6/6 levels left

rFire    . . .     SeeInvis .   d - +9 trident of Brawling {flame, +Inv Int+4}
rCold    . . .     Faith    .   (no shield)
rNeg     . . .     Spirit   .   b - +0 leather armour
rPois    .         Reflect  .   (no helmet)
rElec    .         Harm     .   (no cloak)
rCorr    .         Rampage  .   (no gloves)
Will     .....                  (no boots)
Stlth    ++........             (no amulet)
HPRegen  0.16/turn              (no ring)
MPRegen  0.10/turn              (no ring)

@: no status effects
A: no striking features
a: Evoke Invisibility


You were on level 7 of the Dungeon.
You visited 2 branches of the dungeon, and saw 6 of its levels.

You collected 115 gold pieces.

Inventory:

Hand Weapons
 d - the +9 trident of Brawling (weapon) {flame, +Inv Int+4}
   (You found it on level 7 of the Dungeon)

   It has been specially enchanted to burn those struck by it, causing extra
   injury to most foes and up to half again as much damage against particularly
   susceptible opponents.
   It affects your intelligence (+4).
   It lets you turn invisible.
 m - a +0 dagger
Armour
 b - a +0 leather armour (worn)
Wands
 c - a wand of digging (7) (quivered)
 e - a wand of random effects (6)
Scrolls
 a - a scroll of blinking {unknown}
 f - a scroll of teleportation
 h - 2 scrolls of enchant weapon {unknown}
 k - 2 scrolls of enchant armour {unknown}
 l - a scroll of fear {unknown}
 n - a scroll of identify {unknown}
 o - 3 scrolls of amnesia {unknown}
 r - a scroll of magic mapping {unknown}
Potions
 g - 2 potions of attraction {unknown}
 i - a potion of brilliance {unknown}
 j - 2 potions of lignification {unknown}
 p - 2 potions of curing {unknown}
 q - a potion of mutation {unknown}
 s - a potion of heal wounds {unknown}


   Skills:
 + Level 2.1 Fighting
 + Level 2.4 Short Blades
 + Level 0.3 Polearms
 + Level 3.1 Armour
 + Level 2.9 Dodging
 + Level 2.7 Stealth
 + Level 4.3 Evocations


You had 6 spell levels left.
You didn't know any spells.
Your spell library was empty.

Dungeon Overview and Level Annotations

Branches:
Dungeon (7/15)             Temple (1/1) D:7

Altars:
Cheibriados
Dithmenos
Elyvilon
Fedhas
Gozag
Hepliaklqana
Kikubaaqudgha
Makhleb
Ru
Sif Muna
Trog
Uskayaw
Vehumet
Xom
Zin
The Shining One


Message History

The orc wizard hits you but does no damage.
The orc hits you with a +0 flail!
You hit the orc wizard but do no damage.
The orc wizard is almost dead.
The orc wizard casts a spell at you. The puff of frost hits you!
The orc priest barely misses you. The orc closely misses you.
The sky beast flickers out of sight!
Deactivating autopickup; reactivate with Ctrl-A.
You barely miss the orc wizard.
The orc wizard is almost dead.
The orc wizard hits you but does no damage.
The orc priest invokes the aid of Beogh against you.
Beogh smites you!
* * * LOW HITPOINT WARNING * * *
The orc hits you with a +0 flail.
* * * LOW HITPOINT WARNING * * *
Something hits you.
* * * LOW HITPOINT WARNING * * *
Something shocks you.
You die...

.....### ##.## ....## ###
##.## ...l###
####..####..#
......####..........##
.ho.................##
#####................#
###..................#
##...................##
###
#............l.{@o....#
##.#
...............oo)....#
#...
.......................#
##...
.....................#.#
##....
.....................#..#
#.....
.....................# .#
##.....
.....................#
#......
#..................###
###.... ##........ ##...


You could see an orc priest, an orc wizard, an orc and a leopard gecko.

Vanquished Creatures
  A bullfrog (D:7)
  A hound (D:7)
  2 orc wizards (D:7)
  A worker ant (D:7)
  A hound skeleton (D:7)
  A gnoll (D:2)
  3 adders
  A white imp (D:7)
  A worm (D:2)
  A leopard gecko (D:2)
  5 orcs
  3 giant cockroaches
  8 goblins
  2 hobgoblins (D:1)
  7 jackals
  4 quokkas (D:2)
  8 bats
  A frilled lizard (D:1)
  7 kobolds
  9 rats
67 creatures vanquished.

Vanquished Creatures (collateral kills)
  A scorpion (D:6)
  A hound (D:6)
  A gnoll (D:6)
  An ufetubus (D:6)
  A leopard gecko (D:7)
  2 orcs (D:7)
  A jackal (D:7)
  A jackal skeleton (D:6)
9 creatures vanquished.

Vanquished Creatures (others)
  A howler monkey (D:6)
  A bullfrog zombie (D:6)
  An orc wizard (D:7)
  A gnoll (D:2)
  An orc (D:7)
  3 hobgoblins (D:1)
  12 plants
20 creatures vanquished.

Grand Total: 96 creatures vanquished

Notes
Turn   | Place    | Note
-------+----------+-------------------------------------------
     0 | D:1      | H0rd4k the Human Artificer began the quest for the Orb.
     0 | D:1      | Reached XP level 1. HP: 15/15 MP: 1/1
   475 | D:1      | Reached XP level 2. HP: 12/21 MP: 2/2
   867 | D:1      | Reached XP level 3. HP: 20/26 MP: 3/3
  1784 | D:2      | Reached XP level 4. HP: 19/32 MP: 4/4
  1974 | D:2      | Noticed a shadow
  1975 | D:2      | Found a shadowy altar of Dithmenos.
  1976 | D:2      | Found a hazy altar of Hepliaklqana.
  2261 | D:2      | Found a shimmering altar of Xom.
  2965 | D:3      | You fall into a shaft and drop 3 floors!
  2966 | D:6      | Noticed an ogre
  2986 | D:6      | Noticed a bullfrog
  3045 | D:7      | Reached skill level 1 in Short Blades
  3045 | D:7      | Reached XP level 5. HP: 9/37 MP: 5/5
  3055 | D:6      | Noticed a centaur
  3725 | D:7      | Found a white marble altar of Elyvilon.
  3735 | D:7      | Reached skill level 4 in Evocations
  3756 | D:7      | Reached XP level 6. HP: 33/44 MP: 6/6
  3950 | D:7      | Got a shimmering trident
  3951 | D:7      | Identified the +9 trident of Brawling {flame, +Inv Int+4}
                  | (You found it on level 7 of the Dungeon)
  3951 | D:7      | Noticed a sky beast
  4293 | D:7      | Found a staircase to the Ecumenical Temple.
  4299 | Temple   | Entered the Ecumenical Temple
  4910 | D:7      | Reached XP level 7. HP: 41/50 MP: 7/7
  4988 | D:7      | Slain by a sky beast

Illustrated notes

Levels and vault maps discovered:
D:1:      dpeg_arrival_simpleton_a, layout_basic, serial_bayou_pond_b, hex_tiny,
          ebering_dispersal_statue_hall
D:2:      wad_woods_stonehenge, layout_basic,
          riverfiend_overflow_shadow_ancestor
D:3:      layout_basic, nicolae_qazlal_eye_of_the_storm
D:6:      layout_loops_ring, serial_shops, shop, nrook_loot_triangle,
          minmay_crossroads, uniq_eustachio, uniq_edmund
D:7:      layout_cave_pods, elyvilon_altar_3, minmay_temple_entry_metal_lava
Temple:   oiseaux_autumnal_temple

Skill      XL: |  1  2  3  4  5  6 |
---------------+-------------------+-----
Dodging        | 2 |  2.9
Short Blades   | 1 2 |  2.4
Stealth        | 2 |  2.7
Evocations     | 4 |  4.3
Armour         | 3 |  3.1
Fighting       | 2 |  2.1
Polearms       | |  0.3

Action                   |  1- 3 |  4- 6 |  7- 9 || total
-------------------------+-------+-------+-------++-------
Melee: Club              |    36 |       |       ||    36
       Dagger            |   101 |   148 |       ||   249
       Trident           |       |    15 |     4 ||    19
Evoke: Wand              |    10 |    29 |       ||    39
  Use: Scroll            |       |     1 |       ||     1
 Stab: Sleeping          |     4 |     2 |       ||     6
       Confused          |       |     2 |       ||     2
Armor: Leather armour    |    67 |    36 |     1 ||   104
Dodge: Dodged            |   116 |   107 |     2 ||   225
